 Dungeon Crawl Stone Soup version 0.28.0-49-g6dfe1f597d (webtiles) character file.

Game seed: 6468920015261731442

77 acdeimund the Conjurer (level 4, -3/24 HPs)
             Began as a Deep Elf Conjurer on May 16, 2022.
             Was an Initiate of Vehumet.
             Killed by divine providence
             ... invoked by an orc priest
              (15 damage)
             ... on level 4 of the Dungeon.
             The game lasted 00:08:46 (3062 turns).

acdeimund the Conjurer (Deep Elf Conjurer)          Turns: 3062, Time: 00:08:47

Health: -3/24      AC:  6    Str:  4    XL:     4   Next: 13%
Magic:  10/10      EV: 12    Int: 25    God:    Vehumet [......]
Gold:   234        SH:  0    Dex: 13    Spells: 2/9 levels left

rFire   . . .      SeeInvis .   b - +0 short sword
rCold   + . .      Faith    +   (no shield)
rNeg    . . .      Spirit   .   a - +0 robe
rPois   .          Reflect  .   o - +0 helmet
rElec   .          Harm     .   (no cloak)
rCorr   .          Rampage  .   h - +2 pair of gloves {Stlth+}
Will    .....                   (no boots)
Stlth   +++.......              m - amulet of faith
HPRegen 0.08/turn               f - ring of protection from cold
MPRegen 0.12/turn               (no ring)

@: no status effects
A: no striking features
a: Renounce Religion


You were on level 4 of the Dungeon.
You worshipped Vehumet.
Vehumet was noncommittal.
You visited 2 branches of the dungeon, and saw 5 of its levels.

You collected 234 gold pieces.

Inventory:

Hand Weapons
 b - a +0 short sword (weapon)
Armour
 a - a +0 robe (worn)
 h - a +2 pair of gloves of stealth (worn)
 o - a +0 helmet (worn)
Jewellery
 f - a ring of protection from cold (left hand)
 k - a ring of fire
 m - an amulet of faith (around neck)
Wands
 j - a wand of mindburst (4)
Scrolls
 c - a scroll of teleportation
 p - a scroll of fog {unknown}
Potions
 d - a potion of mutation
 e - a potion of magic {unknown}
 g - a potion of curing {unknown}
 i - 2 potions of resistance {unknown}
 l - 2 potions of brilliance {unknown}
 n - a potion of might {unknown}


   Skills:
 - Level 2.4 Dodging
 - Level 2.4 Stealth
 - Level 3.0 Spellcasting
 - Level 6.2 Conjurations
 + Level 0.1 Translocations


You had 2 spell levels left.
You knew the following spells:

 Your Spells              Type           Power      Damage    Failure   Level
a - Magic Dart            Conj           100%       1d8       1%          1
b - Searing Ray           Conj           70%        2d7       1%          2
c - Iskenderun's Mystic   Conj/Tloc      19%        2d6       26%         4

Your spell library contained the following spells:

 Spells                   Type           Power      Damage    Failure   Level
 Dazzling Flash           Conj/Hex       38%        N/A       9%          3
 Gell's Gravitas          Tloc           4%         N/A       28%         3
 Lesser Beckoning         Tloc           4%         N/A       28%         3
 Teleport Other           Tloc           4%         N/A       28%         3
 Fulminant Prism          Conj/Hex       9%         3d7       28%         4
 Agony                    Necr           3%         N/A       95%         5
 Silence                  Hex/Air        1%         N/A       95%         5


Dungeon Overview and Level Annotations

Branches:
Dungeon (4/15)             Temple (1/1) D:4

Altars:
Cheibriados
Dithmenos
Elyvilon
Fedhas
Hepliaklqana
Ru
Trog
Uskayaw
Vehumet
Yredelemnul
The Shining One


Message History

Found a blossoming altar of Fedhas.
There is a radiant altar of Vehumet here.
You kneel at the altar of Vehumet.
Vehumet welcomes you!
Really put on
m - an amulet of faith?
You start putting on your amulet.
You continue putting on your amulet of faith. x5
You finish putting on your amulet of faith.
You feel a surge of divine interest.
m - an amulet of faith (around neck)
There is a staircase back to the Dungeon here.
You climb upwards.
Welcome back to the Dungeon!
There is a staircase to the Ecumenical Temple here.
You open the door.
There is an open door here.
Found a stone staircase leading down.
A ball python comes into view.
The ball python hisses angrily.
Aiming: Magic Dart (safe; 1% risk of failure)
Press: ? - help, Q - select action, (/) - cycle Shift-Dir - straight line, f - ball python
Aim: a ball python (100% to hit)
The magic dart hits the ball python.
The ball python is severely wounded.
Aiming: Magic Dart (safe; 1% risk of failure)
Press: ? - help, Q - select action, (/) - cycle Shift-Dir - straight line, f/p - ball python
Aim: a ball python (severely wounded, 100% to hit)
The magic dart hits the ball python!
You kill the ball python!
Vehumet accepts your kill.
Magic restored.
You now have 234 gold pieces (gained 6).
An orc priest comes into view. It is wielding a +0 club.
The orc priest shouts!
The orc priest mumbles some strange prayers to Beogh against you.
Beogh smites you!
Ouch! That really hurt!
The orc priest calls down the wrath of Beogh upon you.
Beogh smites you!
Ouch! That really hurt!
You die...

#.........### ##.###
##...........###..##.
#....................
#?..........########
##...........#
#............#
#...........#
##...........#
#...@........#
#o...##########
#....# #...# #..# #..
##


You could see an orc priest.

Vanquished Creatures
  A hound skeleton (D:4)
  2 adders
  2 worms (D:3)
  A dart slug (D:3)
  2 orcs (D:3)
  4 ball pythons
  2 endoplasms
  4 giant cockroaches
  3 goblins
  A hobgoblin (D:2)
  2 jackals (D:2)
  4 quokkas
  2 bats
  A frilled lizard (D:1)
  A kobold (D:4)
  2 rats (D:1)
34 creatures vanquished.

Vanquished Creatures (others)
  5 plants (D:2)
5 creatures vanquished.

Grand Total: 39 creatures vanquished

Notes
Turn   | Place    | Note
-------+----------+-------------------------------------------
     0 | D:1      | acdeimund the Deep Elf Conjurer began the quest for the
                  | Orb.
     0 | D:1      | Reached XP level 1. HP: 10/10 MP: 6/6
   143 | D:1      | You fall into a shaft and drop 1 floor!
   532 | D:1      | Reached XP level 2. HP: 15/15 MP: 6/8
   535 | D:1      | Learned a level 2 spell: Searing Ray
   679 | D:2      | Reached skill level 5 in Conjurations
  1114 | D:2      | Reached XP level 3. HP: 19/19 MP: 7/9
  1566 | D:3      | Found a white marble altar of Elyvilon.
  2053 | D:3      | Reached skill level 6 in Conjurations
  2217 | D:3      | Found a basalt altar of Yredelemnul.
  2770 | D:4      | Reached XP level 4. HP: 24/24 MP: 4/10
  2837 | D:4      | Learned a level 4 spell: Iskenderun's Mystic Blast
  2849 | D:4      | Found a staircase to the Ecumenical Temple.
  2933 | Temple   | Entered the Ecumenical Temple
  3000 | Temple   | Became a worshipper of Vehumet
  3062 | D:4      | Killed from afar by an orc priest

Illustrated notes

Levels and vault maps discovered:
D:1:      dpeg_arrival_three_smaller_balls, layout_basic, hangedman_decor_points
D:2:      layout_rooms, serial_forest, infiniplex_forest_clump_diagonal,
          infiniplex_forest_lined_2, infiniplex_forest_straight_3,
          infiniplex_forest_clump_tiny, infiniplex_forest_split,
          infiniplex_forest_clump_small, infiniplex_forest_straight_2,
          infiniplex_forest_corner_2
D:3:      layout_basic, kennysheep_ying_yang, chequers_avenue, minmay_puff
D:4:      layout_basic, nicolae_gozag_cash_rules_everything_around_me,
          temple_doors_e, minmay_manual_macuahuitl
Temple:   dpeg_three_leaves_temple

Skill      XL: |  1  2  3 |
---------------+----------+-----
Conjurations   | 5 6 |  6.2
Dodging        | |  2.4
Stealth        | |  2.4
Spellcasting   | |  3.0
Translocations | |  0.1

Action                   |  1- 3 |  4- 6 || total
-------------------------+-------+-------++-------
Melee: Short sword       |     4 |       ||     4
 Cast: Magic Dart        |    45 |     3 ||    48
       Searing Ray       |     8 |       ||     8
  Use: Scroll            |     6 |       ||     6
Armor: Robe              |     2 |       ||     2
Dodge: Dodged            |     4 |       ||     4
